Map: Dusk Towers

Players

ProtossImba - Winner!

  • Race: Protoss Protoss
  • League: Master

LaCarrote

  • Race: Zerg Zerg
  • League: Grandmaster

VOD

Have the link to the VOD?

Description

Time

  • Played on: March 22, 2016, 5:43 p.m.
  • Length: 7:43
Show
View Real Time Build Order
Export as new Build Order

ProtossImba Protoss - Winner!

Build Orders: Nexus First, Mass Adepts 

Get SALT Encoding   

  12  0:01  Probe (Chrono Boost)  
  13  0:12  Probe (Chrono Boost)  
  14  0:21  Pylon  
  14  0:22  Probe (Chrono Boost)  
  15  0:39  Probe (Chrono Boost)  
  17  0:50  Probe (Chrono Boost)  
  17  0:58  Nexus  
  17  1:08  Gateway  
  17  1:12  Probe (Chrono Boost)  
  18  1:21  Assimilator  
  18  1:22  Probe (Chrono Boost)  
  19  1:26  Assimilator  
  19  1:33  Probe (Chrono Boost)  
  20  1:41  Gateway  
  20  1:43  Probe (Chrono Boost)  
  22  1:54  Probe (Chrono Boost)  
  22  1:58  Cybernetics Core  
  22  2:04  Probe (Chrono Boost)  
  22  2:05  Pylon  
  23  2:11  Probe (Chrono Boost)  
  23  2:15  Probe (Chrono Boost)  
  25  2:21  Probe (Chrono Boost)  
  26  2:25  Probe (Chrono Boost)  
  27  2:32  Probe (Chrono Boost)  
  27  2:33  Pylon  
  27  2:36  Mothership Core (Chrono Boost)  
  30  2:43  Warp Gate  
  30  2:44  Adept (Chrono Boost)  
  30  2:45  Adept (Chrono Boost)  
  30  2:48  Probe  
  35  2:56  Probe (Chrono Boost)  
  35  3:00  Probe (Chrono Boost)  
  36  3:08  Probe (Chrono Boost), Adept x2  
  36  3:12  Probe (Chrono Boost)  
  42  3:16  Twilight Council  
  42  3:19  Probe (Chrono Boost)  
  43  3:23  Probe (Chrono Boost)  
  44  3:27  Pylon  
  44  3:29  Probe (Chrono Boost)  
  44  3:34  Probe (Chrono Boost)  
  46  3:46  Probe x2 (Chrono Boost)  
  48  3:51  Gateway x2, Assimilator  
  48  3:52  Assimilator  
  48  3:56  Probe (Chrono Boost)  
  48  3:59  Adept x2  
  53  4:03  Pylon  
  53  4:05  Probe (Chrono Boost)  
  53  4:07  Resonating Glaives (Chrono Boost)  
  54  4:15  Pylon  
  54  4:20  Probe  
  54  4:22  Probe  
  56  4:33  Probe  
  56  4:35  Probe  
  58  4:44  Probe  
  58  4:47  Adept  
  58  4:48  Adept  
  58  4:50  Nexus  
  58  4:51  Pylon  
  63  4:55  Adept  
  63  4:56  Adept  
  67  5:01  Stargate  
  67  5:02  Probe  
  67  5:07  Stargate  
  68  5:10  Probe  
  69  5:16  Adept x2  
  73  5:24  Probe, Adept x2  
  78  5:28  Pylon  
  78  5:40  Pylon  
  78  5:45  Probe  
  78  5:46  Probe  
  80  5:55  Adept x2  
  80  5:56  Adept  
  86  5:57  Probe, Phoenix (Chrono Boost)  
  86  5:58  Phoenix (Chrono Boost), Probe  
  86  5:59  Pylon  
  86  6:00  Probe  
  87  6:12  Probe  
  87  6:13  Probe  
  87  6:17  Adept x3  
  93  6:18  Probe  
  93  6:20  Phoenix (Chrono Boost)  
  96  6:30  Adept  
  90  6:38  Gateway x2  
  90  6:40  Gateway  
  90  6:43  Phoenix (Chrono Boost)  
  90  6:44  Phoenix (Chrono Boost), Adept  
  92  6:49  Sentry x2  
  92  6:50  Pylon  
  94  6:57  Robotics Facility  
  92  7:02  Adept  
  92  7:08  Probe x2  
  96  7:09  Assimilator  
  96  7:11  Robotics Facility, Assimilator  
  96  7:12  Pylon  
  96  7:17  Probe  
  96  7:20  Probe  
  96  7:22  Sentry x2  
  100  7:23  Sentry  
  100  7:28  Templar Archives  
  104  7:40  Adept x4  
Show
View Real Time Build Order
Export as new Build Order

LaCarrote Zerg 

Build Orders: Hatch First 

Get SALT Encoding   

  12  0:02  Drone  
  13  0:13  Overlord  
  13  0:18  Drone  
  14  0:29  Extractor  
  14  0:30  Drone  
  15  0:37  Drone x2  
  17  0:57  Hatchery  
  17  1:02  Drone x2  
  17  1:03  Extractor  
  17  1:16  Spawning Pool  
  16  1:20  Drone  
  16  1:23  Drone  
  18  1:30  Drone  
  19  1:42  Overlord  
  19  1:52  Drone  
  20  2:04  Queen  
  20  2:07  Zergling x2  
  20  2:08  Metabolic Boost  
  23  2:09  Queen  
  25  2:16  Drone x2  
  27  2:46  Hatchery  
  27  2:47  Drone  
  27  2:48  Drone x4  
  31  2:53  Drone  
  32  2:59  Overlord x2  
  32  3:10  Zergling x4  
  34  3:21  Zergling x6  
  34  3:23  Drone x3  
  34  3:25  Lair  
  40  3:29  Drone  
  41  3:34  Zergling x2  
  41  3:35  Zergling x2  
  41  3:54  Drone x2  
  41  3:55  Drone x6  
  49  3:58  Extractor  
  49  4:00  Extractor x2  
  49  4:02  Drone x2  
  48  4:06  Drone  
  48  4:07  Queen  
  48  4:09  Overlord  
  51  4:15  Drone x2  
  53  4:20  Evolution Chamber x2  
  53  4:23  Overlord  
  51  4:25  Drone  
  51  4:34  Zergling x10  
  56  4:42  Spore Crawler  
  56  4:44  Spore Crawler  
  56  4:45  Spore Crawler  
  53  4:48  Drone  
  53  4:49  Spore Crawler  
  53  4:51  Drone x2  
  55  4:54  Drone  
  55  4:56  Drone  
  57  5:00  Zerg Melee Weapons Level 1  
  57  5:07  Zerg Ground Armor Level 1  
  57  5:12  Drone  
  57  5:13  Drone  
  59  5:17  Drone x3  
  62  5:24  Zergling x8  
  65  5:29  Zergling x4  
  65  5:30  Zergling x2  
  65  5:34  Zergling x4  
  70  5:38  Zergling x4  
  70  5:39  Zergling x2  
  70  5:40  Zergling x2  
  74  5:45  Overlord  
  74  5:56  Zergling x6  
  74  5:57  Zergling x8  
  68  6:02  Zergling x10  
  64  6:11  Zergling x8  
  64  6:18  Zergling x4  
  61  6:29  Drone x3  
  48  6:49  Infestation Pit  
  45  7:03  Drone x3  
  45  7:04  Drone x7  
  45  7:05  Drone  
  56  7:12  Drone x4  
  56  7:13  Drone  
  61  7:22  Extractor  
  60  7:23  Drone x5  
Tags
 
Add a new tag
Caveats
  • Supply blocks, unpowered buildings, or Contaminate may cause inaccurate times.
  • Supply counts are checked every 10 seconds.